 Dungeon Crawl Stone Soup version 0.28-a0-687-gb91baff9cc (webtiles) character file.

Game seed: 4002220687209502574

71020 rogsnak the Thaumaturge (level 15, 0/115 HPs)
             Began as a Gnoll Hedge Wizard on Oct 18, 2021.
             Was a High Priest of Sif Muna.
             Succumbed to Aizul's poison arrow
             ... on level 3 of the Lair of Beasts on Oct 19, 2021.
             The game lasted 02:04:55 (31274 turns).

rogsnak the Thaumaturge (Gnoll Hedge Wizard)       Turns: 31274, Time: 02:04:55

Health: 0/115      AC: 16    Str: 10    XL:     15   Next: 35%
Magic:  29/31      EV: 15    Int: 20    God:    Sif Muna [*****.]
Gold:   1948       SH:  6    Dex: 11    Spells: 18/38 levels left

rFire   . . .      SeeInvis .   h - +4 hand axe (elec)
rCold   . . .      Faith    +   W - +0 buckler
rNeg    . . .      Spirit   .   a - +0 troll leather armour
rPois   .          Reflect  .   l - +2 hat
rElec   .          Harm     .   y - scarf {shadows}
rCorr   .          Rampage  .   S - +2 pair of gloves
Will    +....                   E - +0 pair of boots
Stlth   ++++......              f - amulet of faith
HPRegen 1.29/turn               n - +4 ring of protection
MPRegen 0.22/turn               j - ring of flight

@: lethally poisoned (0 -> -18), flying
A: fangs 1, strong nose, distributed training
a: Renounce Religion, Channel Magic, Forget Spell, Divine Exegesis


You were on level 3 of the Lair of Beasts.
You worshipped Sif Muna.
Sif Muna was extremely pleased with you.
You visited 5 branches of the dungeon, and saw 24 of its levels.
You also visited: Volcano.

You collected 2132 gold pieces.
You spent 184 gold pieces at shops.

Inventory:

Hand Weapons
 e - a +1 arbalest of flaming
 h - a +4 hand axe of electrocution (weapon)
 B - a +2 dagger of venom
 X - the +5 mace of Courage {flame, Str+4 Int+2}
   (You bought it in a shop on level 2 of the Orcish Mines)

   It burns those it strikes, dealing additional fire damage.
   Str:       It affects your strength (+4).
   Int:       It affects your intelligence (+2).
Missiles
 s - 73 poisoned darts
 x - a throwing net
 Z - 87 bolts
Armour
 a - a +0 troll leather armour (worn)
 l - a +2 hat (worn)
 m - a +3 leather armour of fire resistance
 y - a scarf of shadows (worn)
 E - a +0 pair of boots (worn)
 I - a +1 kite shield of cold resistance
 S - a +2 pair of gloves (worn)
 W - a +0 buckler (worn)
Magical Staves
 Q - a staff of poison
Jewellery
 b - a +4 ring of slaying
 c - a ring of protection from cold
 f - an amulet of faith (around neck)
 g - a ring of see invisible
 j - a ring of flight (right hand)
 n - a +4 ring of protection (left hand)
 q - a ring of resist corrosion
Wands
 k - a wand of flame (27)
 F - a wand of iceblast (23)
 H - a wand of acid (27)
 J - a wand of paralysis (26)
 L - a wand of mindburst (18)
Scrolls
 d - 2 scrolls of summoning
 i - 4 scrolls of amnesia {unknown}
 v - 3 scrolls of silence
 z - 4 scrolls of magic mapping {unknown}
 C - 6 scrolls of noise {unknown}
 D - 6 scrolls of teleportation {unknown}
 K - 2 scrolls of enchant weapon
 M - 5 scrolls of blinking {unknown}
 P - 3 scrolls of enchant armour
 R - 5 scrolls of fog {unknown}
 U - 4 scrolls of fear
 Y - a scroll of brand weapon
Potions
 o - 7 potions of might
 p - 3 potions of ambrosia
 r - a potion of haste
 t - 2 potions of berserk rage
 u - 5 potions of curing
 w - a potion of brilliance
 A - 3 potions of mutation
 G - 3 potions of degeneration {unknown}
 N - 5 potions of lignification {unknown}
 O - 2 potions of flight
 T - 4 potions of heal wounds
 V - 2 potions of resistance


   Skills:
 + Level 10.0 Fighting
 + Level 10.0 Short Blades
 + Level 10.0 Long Blades
 + Level 10.0 Axes
 + Level 10.0 Maces & Flails
 + Level 10.0 Polearms
 + Level 10.0 Staves
 + Level 10.0 Slings
 + Level 10.0 Bows
 + Level 10.0 Crossbows
 + Level 10.0 Throwing
 + Level 10.0 Armour
 + Level 11.0 Dodging
 + Level 10.9 Stealth
 + Level 10.0 Shields
 + Level 10.0 Unarmed Combat
 + Level 12.2 Spellcasting
 + Level 8.7 Conjurations
 + Level 8.4 Hexes
 + Level 8.7 Summonings
 + Level 8.4 Necromancy
 + Level 8.7 Translocations
 + Level 8.4 Transmutations
 + Level 8.4 Fire Magic
 + Level 8.4 Ice Magic
 + Level 8.4 Air Magic
 + Level 8.4 Earth Magic
 + Level 8.4 Poison Magic
 + Level 10.9 Invocations
 + Level 10.0 Evocations


You had 18 spell levels left.
You knew the following spells:

 Your Spells              Type           Power      Damage    Failure   Level
a - Magic Dart            Conj           100%       1d8       1%          1
b - Blink                 Tloc           N/A        N/A       1%          2
c - Mephitic Cloud        Conj/Pois/Air  46%        N/A       1%          3
d - Lee's Rapid Deconstr  Erth           22%        3d14*     6%          5
e - Airstrike             Air            22%        N/A       2%          4
f - Fireball              Conj/Fire      23%        3d11      6%          5

Your spell library contained the following spells:

 Spells                   Type           Power      Damage    Failure   Level
 Call Imp                 Summ           47%        N/A       1%          2
 Corpse Rot               Necr/Air       90%        N/A       1%          2
 Slow                     Hex            45%        N/A       1%          2
 Conjure Flame            Conj/Fire      46%        6-21      1%          3
 Dazzling Flash           Conj/Hex       92%        N/A       1%          3
 Gell's Gravitas          Tloc           23%        N/A       1%          3
 Ignite Poison            Fire/Tmut/Pois 45%        N/A       1%          3
 Spider Form              Tmut/Pois      22%        N/A       1%          3
 Stone Arrow              Conj/Erth      92%        3d12      1%          3
 Teleport Other           Tloc           47%        N/A       1%          3
 Tukima's Dance           Hex            45%        N/A       1%          3
 Fulminant Prism          Conj/Hex       23%        3d13      1%          4
 Hailstorm                Conj/Ice       46%        3d11      1%          4
 Iskenderun's Mystic Bla  Conj/Tloc      47%        2d10      1%          4
 Passage of Golubria      Tloc           47%        N/A       1%          4
 Sticky Flame             Conj/Fire      46%        2d6       1%          4
 Summon Ice Beast         Ice/Summ       46%        N/A       1%          4
 Summon Lightning Spire   Summ/Air       46%        N/A       1%          4
 Animate Dead             Necr           22%        N/A       2%          4
 Ice Form                 Ice/Tmut       45%        N/A       2%          4
 Leda's Liquefaction      Hex/Erth       22%        N/A       2%          4
 Olgreb's Toxic Radiance  Pois           45%        N/A       2%          4
 Petrify                  Tmut/Erth      45%        N/A       2%          4
 Agony                    Necr           45%        N/A       6%          5
 Alistair's Intoxication  Tmut/Pois      30%        N/A       6%          5
 Blade Hands              Tmut           22%        N/A       6%          5
 Irradiate                Conj/Tmut      23%        3d21      6%          5
 Lightning Bolt           Conj/Air       23%        1d38      6%          5
 Metabolic Englaciation   Hex/Ice        22%        N/A       6%          5
 Silence                  Hex/Air        22%        N/A       6%          5
 Yara's Violent Unravell  Hex/Tmut       22%        3d10      6%          5
 Dispersal                Tloc           23%        N/A       30%         6
 Conjure Ball Lightning   Conj/Air       23%        3x3d6     32%         6
 Ozocubu's Refrigeration  Ice            22%        4d9       88%         7
 Storm Form               Tmut/Air       22%        N/A       88%         7
 Ignition                 Fire           22%        3d8       100%        8
 Necromutation            Tmut/Necr      22%        N/A       100%        8
 Chain Lightning          Conj/Air       23%        3d30      100%        9


Dungeon Overview and Level Annotations

Branches:
Dungeon (14/15)            Temple (1/1) D:4            Lair (6/6) D:8
  Swamp (1/4) Lair:3        Snake (0/4) Lair:2        Slime (0/5) Lair:6
    Orc (2/2) D:11            Elf (0/3) Orc:2        Vaults (0/5) D:13
Volcano (visited)

Altars:
Ashenzari
Cheibriados
Dithmenos
Elyvilon
Fedhas
Gozag
Hepliaklqana
Kikubaaqudgha
Makhleb
Nemelex Xobeh
Okawaru
Qazlal
Ru
Sif Muna
Trog
Uskayaw
Vehumet
Wu Jian
Xom
Yredelemnul
Zin
The Shining One
Jiyva

Shops:
D:7 !   Orc:1 (   Orc:2 [?!(

Annotations:
D:10 3 runed translucent doors
Lair:3 2 transporters, Aizul; Veysay's ghost, journeyman DjWz


Innate Abilities, Weirdness & Mutations

You have very sharp teeth.
Your uncanny sense of smell can sniff out nearby items.
Your experience applies equally to all skills.


Message History

You start resting.
Magic restored.
You start waiting.
Done waiting.
You fly downwards.
Welcome back to the Swamp!
This branch is very noisy, and so sound travels much less far.
This branch contains the decaying rune of Zot.
Level annotation: Aizul The alligator bites you!
The alligator tail-slaps you! Aizul casts a spell at you.
The poison arrow hits you!!
You are poisoned.
The spriggan druid mumbles some strange words.
The forest starts to sway and rumble!
There is a staircase back to the Lair, spattered with blood here.
Unknown command.
Unknown command.
You feel very sick. A root smacks you from below!
The alligator barely misses you. The alligator tail-slaps you.
Aizul coils herself and waves her upper body at you.
The poison arrow hits you!!
You are more poisoned.
* * * LOW HITPOINT WARNING * * *
The alligator bites you.
* * * LOW HITPOINT WARNING * * *
The alligator closely misses you.
The spriggan druid splashes around in the water.
You fly upwards.
Welcome back to the Lair of Beasts!
The forest abruptly stops moving.
Level annotation: 2 transporters, Veysay's ghost, journeyman DjWz
* * * LOW HITPOINT WARNING * * *
You feel extremely sick.
There is a staircase to the Swamp here.
Unknown command.
Unknown command.
Casting: Magic Dart (safe; 1% risk of failure)
Confirm with . or Enter, or press ? or * to list all spells.
You blink.
You die...

#.#..#......P...# #.##
#...............####..#
####.##....#P..P[##.)##
######.###.......#.##
##..###.####..#.# ###
#...#
#..#####.#######.#
##P..#
#.§.#S###.#...#...
#....#
#.§§§t............
###..#
#@§Pi#.#.##.##..#.
##.##
#...#########.#### #P.#
#.....##..##...## ##.#
#<..............#
#.#####..#..#####...###
#........#### #...#..
####.#..## ##(....
###### ######


You could see Aizul, an alligator and a spriggan druid.

Vanquished Creatures
  Jorgrun (Orc:1)
  Gastronok (Lair:2)
  A bunyip (Swamp:1)
  Josephine (D:13)
  7 hydras
  3 vault guards
  Erolcha (Orc:1)
  4 boulder beetles
  2 centaur warriors
  3 death yaks (Lair:5)
  3 two-headed ogres
  3 orc high priests (Orc:2)
  A hell knight (Volcano)
  A bog body (Swamp:1)
  A wizard (D:13)
  A deep elf pyromancer (D:13)
  2 necromancers (D:13)
  A lindwurm (Lair:6)
  Pikel (D:5)
  4 orc sorcerers (Orc:2)
  5 orc knights (Orc:2)
  A cyclops (D:12)
  A manticore (D:11)
  An ugly thing (Volcano)
  3 torpor snails
  A gargoyle (D:13)
  8 black mambas
  13 cane toads
  A smoke demon (Volcano)
  Maggie (D:6)
  Psyche (D:8)
  4 rime drakes
  4 komodo dragons
  4 trolls
  8 hornets
  9 polar bears
  Prince Ribbit (D:6)
  18 blink frogs
  16 spriggans
  4 wraiths (D:13)
  3 wyverns
  Eustachio (D:6)
  18 humans
  27 yaks
  6 basilisks
  3 vampire mosquitoes (D:11)
  4 nagas (Lair:2)
  A swamp worm (Swamp:1)
  4 wargs
  13 water moccasins
  Duvessa (D:6)
  28 orc warriors
  3 hell hounds (Volcano)
  7 black bears
  2 sky beasts
  A necrophage (D:6)
  4 ogres
  4 boggarts (Lair:6)
  29 wolves
  5 centaurs
  9 bullfrogs
  2 gnoll sergeants
  2 scorpions
  Dowan (D:6)
  10 killer bees
  A howler monkey (D:5)
  10 electric eels
  2 centaur zombies
  A jelly (D:7)
  19 orc priests
  6 hounds
  Crazy Yiuf (D:4)
  5 iguanas
  Natasha (thrice) (D:3)
  Terence (D:3)
  20 orc wizards
  2 killer bee zombies
  16 gnolls
  9 adders
  A howler monkey skeleton (D:6)
  4 white imps
  An ufetubus (D:4)
  2 adder skeletons (D:4)
  3 worms
  A dart slug (D:4)
  70 orcs
  12 ball pythons
  10 endoplasms
  2 giant cockroaches
  4 goblins
  5 hobgoblins
  2 jackals (D:3)
  3 quokkas
  6 bats
  3 frilled lizards
  6 kobolds
  6 rats
571 creatures vanquished.

Vanquished Creatures (collateral kills)
  A killer bee (D:11)
1 creature vanquished.

Vanquished Creatures (others)
  37 fungi
  144 plants
181 creatures vanquished.

Grand Total: 753 creatures vanquished

Notes
Turn   | Place    | Note
-------+----------+-------------------------------------------
     0 | D:1      | rogsnak the Gnoll Hedge Wizard began the quest for the Orb.
     0 | D:1      | Reached XP level 1. HP: 13/13 MP: 8/8
   309 | D:1      | Reached XP level 2. HP: 19/19 MP: 7/10
  1195 | D:1      | Reached XP level 3. HP: 19/25 MP: 7/11
  1198 | D:1      | Learned a level 2 spell: Blink
  1202 | D:1      | Learned a level 3 spell: Mephitic Cloud
  1660 | D:2      | Reached skill level 1 in Invocations
  1898 | D:2      | Reached skill level 1 in Fighting
  1898 | D:2      | Reached skill level 1 in Short Blades
  1898 | D:2      | Reached skill level 1 in Long Blades
  1898 | D:2      | Reached skill level 1 in Axes
  1898 | D:2      | Reached skill level 1 in Maces & Flails
  1898 | D:2      | Reached skill level 1 in Polearms
  1898 | D:2      | Reached skill level 1 in Staves
  1898 | D:2      | Reached skill level 1 in Slings
  1898 | D:2      | Reached skill level 1 in Bows
  1898 | D:2      | Reached skill level 1 in Crossbows
  1898 | D:2      | Reached skill level 1 in Throwing
  1898 | D:2      | Reached skill level 1 in Armour
  1898 | D:2      | Reached skill level 1 in Shields
  1898 | D:2      | Reached skill level 1 in Unarmed Combat
  1898 | D:2      | Reached skill level 1 in Evocations
  2108 | D:2      | Reached XP level 4. HP: 32/32 MP: 8/13
  2917 | D:3      | Reached skill level 1 in Hexes
  2917 | D:3      | Reached skill level 1 in Necromancy
  2917 | D:3      | Reached skill level 1 in Transmutations
  2917 | D:3      | Reached skill level 1 in Fire Magic
  2917 | D:3      | Reached skill level 1 in Ice Magic
  2917 | D:3      | Reached skill level 1 in Air Magic
  2917 | D:3      | Reached skill level 1 in Earth Magic
  2917 | D:3      | Reached skill level 1 in Poison Magic
  3061 | D:3      | Reached XP level 5. HP: 37/37 MP: 10/14
  3920 | D:3      | Noticed Natasha
  3932 | D:3      | Noticed Terence
  3938 | D:3      | Killed Natasha
  3939 | D:3      | Reached XP level 6. HP: 13/44 MP: 14/16
  3976 | D:3      | Noticed Natasha
  4319 | D:3      | Killed Natasha
  4722 | D:3      | Noticed Natasha
  4733 | D:3      | Killed Natasha
  4734 | D:3      | Reached skill level 5 in Dodging
  4870 | D:3      | Killed Terence
  5086 | D:4      | Noticed a black bear
  5137 | D:4      | Found a bloodstained altar of Trog.
  5220 | D:4      | Found a hide-covered altar of Uskayaw.
  5744 | D:4      | Found a runed translucent door.
  5746 | D:4      | Noticed Crazy Yiuf
  5765 | D:4      | Killed Crazy Yiuf
  5766 | D:4      | Reached XP level 7. HP: 49/50 MP: 2/18
  6042 | D:4      | Found a staircase to the Ecumenical Temple.
  6048 | Temple   | Entered the Ecumenical Temple
  6186 | D:5      | Entered Level 5 of the Dungeon
  6616 | D:5      | Reached skill level 5 in Stealth
  6803 | D:5      | Found a broken altar of Ashenzari.
  6818 | D:5      | Reached XP level 8. HP: 57/57 MP: 16/19
  6914 | D:5      | Noticed Pikel
  6935 | D:5      | Killed Pikel
  6936 | D:5      | Reached skill level 8 in Spellcasting
  7168 | D:5      | Found a snail-covered altar of Cheibriados.
  7764 | D:6      | Noticed Duvessa
  7764 | D:6      | Noticed Dowan
  7808 | D:6      | Killed Duvessa
  7914 | D:6      | Killed Dowan
  7925 | D:6      | Reached XP level 9. HP: 58/65 MP: 15/21
  8253 | D:6      | Noticed Eustachio
  8277 | D:6      | Killed Eustachio
  8364 | D:6      | Noticed Maggie
  8403 | D:6      | Killed Maggie
  8794 | D:6      | Noticed Prince Ribbit
  8815 | D:6      | Killed Prince Ribbit
  9500 | D:7      | Found a stormy altar of Qazlal.
  9503 | D:7      | Found a shimmering blue altar of Sif Muna.
  9507 | D:7      | Became a worshipper of Sif Muna the Loreminder
  9511 | D:7      | Found a hazy altar of Hepliaklqana.
  9587 | D:7      | Reached skill level 5 in Invocations
 10204 | D:7      | Found a sacrificial altar of Ru.
 10251 | D:7      | Found Wobiolitiy's Distillery.
 10643 | D:7      | Reached XP level 10. HP: 41/73 MP: 22/22
 10999 | D:8      | Noticed Psyche
 11012 | D:8      | Killed Psyche
 11013 | D:8      | Reached skill level 5 in Fighting
 11013 | D:8      | Reached skill level 5 in Short Blades
 11013 | D:8      | Reached skill level 5 in Long Blades
 11013 | D:8      | Reached skill level 5 in Axes
 11013 | D:8      | Reached skill level 5 in Maces & Flails
 11013 | D:8      | Reached skill level 5 in Polearms
 11013 | D:8      | Reached skill level 5 in Staves
 11013 | D:8      | Reached skill level 5 in Slings
 11013 | D:8      | Reached skill level 5 in Bows
 11013 | D:8      | Reached skill level 5 in Crossbows
 11013 | D:8      | Reached skill level 5 in Throwing
 11013 | D:8      | Reached skill level 5 in Armour
 11013 | D:8      | Reached skill level 5 in Shields
 11013 | D:8      | Reached skill level 5 in Unarmed Combat
 11013 | D:8      | Reached skill level 5 in Evocations
 11262 | D:8      | Found a glowing golden altar of the Shining One.
 11592 | D:8      | Found a staircase to the Lair.
 11782 | D:8      | Found a blossoming altar of Fedhas.
 11871 | D:8      | Reached * piety under Sif Muna
 11902 | D:8      | Reached skill level 9 in Spellcasting
 12143 | D:9      | Noticed a two-headed ogre
 12279 | D:9      | Killed a two-headed ogre
 12280 | D:9      | Reached skill level 5 in Conjurations
 12280 | D:9      | Reached skill level 5 in Summonings
 12280 | D:9      | Reached skill level 5 in Translocations
 12800 | D:9      | Found a shadowy altar of Dithmenos.
 13065 | D:10     | Entered Level 10 of the Dungeon
 13090 | D:10     | Reached XP level 11. HP: 79/81 MP: 24/24
 13127 | D:10     | Noticed a five-headed hydra
 13361 | D:10     | Found a burning altar of Makhleb.
 13377 | D:10     | Noticed a two-headed ogre
 13380 | D:10     | Found a runed translucent gate.
 13380 | D:10     | Found a runed translucent gate.
 13380 | D:10     | Found a runed translucent gate.
 13381 | D:10     | Noticed a white ugly thing
 13381 | D:10     | Noticed a red ugly thing
 13382 | D:10     | Noticed a white ugly thing
 13382 | D:10     | Noticed a red ugly thing
 13382 | D:10     | Noticed a white ugly thing
 13382 | D:10     | Noticed a purple ugly thing
 13709 | D:10     | Killed a two-headed ogre
 13783 | D:11     | Found a staircase to the Orcish Mines.
 13923 | D:10     | Reached ** piety under Sif Muna
 13957 | D:11     | Noticed a boulder beetle
 13978 | D:11     | Killed a boulder beetle
 13979 | D:11     | Reached skill level 5 in Hexes
 13979 | D:11     | Reached skill level 5 in Necromancy
 13979 | D:11     | Reached skill level 5 in Transmutations
 13979 | D:11     | Reached skill level 5 in Fire Magic
 13979 | D:11     | Reached skill level 5 in Ice Magic
 13979 | D:11     | Reached skill level 5 in Air Magic
 13979 | D:11     | Reached skill level 5 in Earth Magic
 13979 | D:11     | Reached skill level 5 in Poison Magic
 14170 | D:11     | Noticed a manticore
 14190 | D:11     | Killed a manticore
 14747 | D:12     | Noticed a cyclops
 14766 | D:12     | Killed a cyclops
 15019 | D:12     | Noticed a two-headed ogre
 15099 | D:12     | Killed a two-headed ogre
 15203 | D:12     | Noticed a centaur warrior
 15228 | D:12     | Killed a centaur warrior
 15292 | D:12     | Learned a level 5 spell: Lee's Rapid Deconstruction
 15408 | D:12     | Noticed a five-headed hydra
 15600 | D:12     | Identified the +1 halberd of the Vulture {vorpal, Will+
                  | rCorr}
 15838 | D:13     | Noticed a centaur warrior
 15843 | D:13     | Killed a centaur warrior
 15888 | D:13     | Noticed Josephine
 15985 | D:13     | Reached *** piety under Sif Muna
 16019 | D:13     | Killed Josephine
 16020 | D:13     | Reached skill level 10 in Spellcasting
 16020 | D:13     | Reached XP level 12. HP: 89/89 MP: 21/26
 16127 | D:13     | Learned a level 4 spell: Airstrike
 16143 | D:13     | Noticed a boulder beetle
 16160 | D:13     | Killed a boulder beetle
 17026 | D:13     | Noticed a vault guard
 17140 | D:13     | Noticed a vault guard
 17140 | D:13     | Noticed a vault guard
 17189 | D:13     | Killed a vault guard
 17545 | D:12     | Killed a vault guard
 17722 | D:13     | Found a gate to the Vaults.
 17774 | D:14     | Noticed an eight-headed hydra
 17838 | D:13     | Killed a vault guard
 17902 | Orc:1    | Entered Level 1 of the Orcish Mines
 18015 | Orc:1    | Found an iron altar of Okawaru.
 18033 | Orc:1    | Reached **** piety under Sif Muna
 18113 | Orc:1    | Found Acroem's Antique Weapon Emporium.
 18262 | Orc:2    | Entered Level 2 of the Orcish Mines
 18353 | Orc:2    | Found a staircase to the Elven Halls.
 18474 | Orc:1    | Noticed Jorgrun
 18497 | Orc:1    | Killed Jorgrun
 18498 | Orc:1    | Reached XP level 13. HP: 33/98 MP: 19/27
 19393 | Orc:2    | Reached ***** piety under Sif Muna
 19414 | Orc:1    | Noticed Erolcha
 19549 | Orc:1    | Killed Erolcha
 20372 | Orc:2    | Received a gift from Sif Muna
 20373 | Orc:2    | Got Sif Muna's Catalogue of Excruciating Moulding {god
                  | gift}
 20382 | Orc:2    | Paralysed by an orc sorcerer for 5 turns
 20711 | Orc:2    | Reached skill level 11 in Spellcasting
 20957 | Orc:2    | Found Seukul's Magic Scroll Emporium.
 20957 | Orc:2    | Found Mujane's Armour Emporium.
 20958 | Orc:2    | Found Vepe Hia's Antique Weapon Boutique.
 20958 | Orc:2    | Found Hiug's Distillery.
 20996 | Orc:2    | Bought an ivory mace for 184 gold pieces
 20996 | Orc:2    | Identified the +5 mace of Courage {flame, Str+4 Int+2} (You
                  | bought it in a shop on level 2 of the Orcish Mines)
 21018 | Orc:2    | Learned a level 5 spell: Fireball
 21196 | Lair:1   | Entered Level 1 of the Lair of Beasts
 21280 | Lair:1   | Found a dark tunnel.
 21314 | Volcano  | Entered a volcano
 22056 | Lair:1   | Identified the +1 chain mail of Hubris {Str+5 Int+2}
 22787 | Lair:2   | Noticed Gastronok
 22815 | Lair:2   | Killed Gastronok
 22960 | Lair:2   | Reached skill level 10 in Dodging
 22978 | Lair:2   | Reached XP level 14. HP: 106/106 MP: 29/29
 23148 | Lair:2   | Found a staircase to the Snake Pit.
 23624 | Lair:2   | Identified a scroll of acquirement
 23624 | Lair:2   | Acquired a ring of resist corrosion
 23675 | Lair:3   | Found a transporter.
 23710 | Lair:3   | Noticed Veysay's ghost (journeyman DjWz)
 23725 | Lair:3   | Found a staircase to the Swamp.
 24038 | Lair:2   | Received a gift from Sif Muna
 24107 | Lair:2   | Got Ifriz's Incunabulum of Sinister Transmigration {god
                  | gift}
 24385 | Lair:3   | Reached skill level 10 in Stealth
 24919 | Lair:3   | Found a transporter.
 25607 | Lair:4   | Upgraded the game from 0.28-a0-683-ga8797d1ae1 to
                  | 0.28-a0-687-gb91baff9cc
 25808 | Lair:4   | Reached skill level 10 in Invocations
 26855 | Lair:5   | You fall into a shaft and drop 1 floor!
 26855 | Lair:6   | Entered Level 6 of the Lair of Beasts
 26888 | Lair:6   | Received a gift from Sif Muna
 26889 | Lair:6   | Got Sif Muna's Hermeneutics Continued {god gift}
 28873 | Lair:6   | Found a staircase to the Slime Pits.
 28874 | Lair:6   | Found a viscous altar of Jiyva.
 29097 | Lair:6   | Reached skill level 12 in Spellcasting
 29162 | Lair:6   | Reached XP level 15. HP: 107/115 MP: 19/31
 30021 | Lair:6   | Received a gift from Sif Muna
 30061 | Lair:6   | Got Sif Muna's Catalogue of the Snowflakes and Changing
                  | {god gift}
 30430 | Lair:6   | Reached skill level 10 in Fighting
 30430 | Lair:6   | Reached skill level 10 in Short Blades
 30430 | Lair:6   | Reached skill level 10 in Long Blades
 30430 | Lair:6   | Reached skill level 10 in Axes
 30430 | Lair:6   | Reached skill level 10 in Maces & Flails
 30430 | Lair:6   | Reached skill level 10 in Polearms
 30430 | Lair:6   | Reached skill level 10 in Staves
 30430 | Lair:6   | Reached skill level 10 in Slings
 30430 | Lair:6   | Reached skill level 10 in Bows
 30430 | Lair:6   | Reached skill level 10 in Crossbows
 30430 | Lair:6   | Reached skill level 10 in Throwing
 30430 | Lair:6   | Reached skill level 10 in Armour
 30430 | Lair:6   | Reached skill level 10 in Shields
 30430 | Lair:6   | Reached skill level 10 in Unarmed Combat
 30430 | Lair:6   | Reached skill level 10 in Evocations
 30808 | Swamp:1  | Entered Level 1 of the Swamp
 31117 | Swamp:1  | Noticed Aizul
 31274 | Lair:3   | Succumbed to Aizul's poison arrow

Illustrated notes

Levels and vault maps discovered:
D:1:      minmay_arrival_semitransparent, layout_loops_corners, st_stairs_5,
          chequers_serial_rivers_small_3
D:2:      layout_basic, kennysheep_generic_room_10
D:3:      layout_basic, uniq_terence, uniq_natasha
D:4:      layout_rooms, kennysheep_mini, mainiacjoe_overflow_tiny_flanked,
          temple_green, uniq_crazy_yiuf_cottage
D:5:      layout_basic, cheibrodos_worm_habitat, ashenzari_conservatory_becter,
          uniq_pikel
D:6:      layout_loops_cross, kennysheep_small_square, uniq_eustachio,
          uniq_maggie, uniq_duvessa, uniq_prince_ribbit1
D:7:      layout_basic, grunt_temple_overflow_diamond,
          nicolae_ru_the_path_less_chosen, serial_shops, shop
D:8:      layout_gridville, tso_oasis_becter, lemuel_tele_altar,
          erik_lair_island, uniq_psyche
D:9:      layout_small_grid, mainiacjoe_overflow_alcove_2
D:10:     layout_irregular_city, mainiacjoe_overflow_surrounded_room,
          ploomutoo_gammafunk_ghost_potion_laboratory
D:11:     layout_roguey, orc_0_dummy
D:12:     layout_layer_cave
D:13:     layout_small_grid, grunt_vaults_entry_tiered, uniq_josephine
D:14:     layout_roguey, nicolae_sextant
Temple:   eino_wide_crystal_templ
Lair:1:   layout_gridlike, enter_volcano_4
Lair:2:   layout_roguey, minmay_snake_entry_guardpost_medium,
          forest_entry_grove, uniq_gastronok
Lair:3:   layout_loops_ring, swamp_mist, serial_bayou, serial_bayou_pond_e,
          serial_bayou_shore_a, serial_bayou_crossing, serial_bayou_lagoon_b,
          gammafunk_ghost_berserking_beasts
Lair:4:   layout_misc_corridors, grunt_megastairs_1
Lair:5:   layout_roguey, minivault_23
Lair:6:   minmay_lair_end_enchanted_forest, layout_long_grid, slime_altar_1,
          serial_bayou, serial_bayou_ford_a, serial_bayou_lagoon_a,
          serial_bayou_lake_a, serial_bayou_pond_b, st_stairs_13
Swamp:1:  layout_falls_marsh, evilmike_swamp_ruin_rubble_1, swamp_pool2,
          uniq_aizul
Orc:1:    layout_diamond_mine, serial_shops, shop, okawaru_metal_pillars_3,
          uniq_erolcha, uniq_jorgrun
Orc:2:    st_orc_elflike, layout_diamond_mine, nicolae_orc_bridge_out

Skill      XL: |  1  2  3  4  5  6  7  8  9 10 11 12 13 14 15 |
---------------+----------------------------------------------+-----
Conjurations   | 2 3 4 5 6 7 8 |  8.7
Summonings     | 2 3 4 5 6 7 8 |  8.7
Translocations | 2 3 4 5 6 7 8 |  8.7
Invocations    | 1 2 3 4 5 6 7 8 9 10 | 10.9
Fighting       | 1 2 3 4 5 6 7 8 9 10 | 10.0
Short Blades   | 1 2 3 4 5 6 7 8 9 10 | 10.0
Long Blades    | 1 2 3 4 5 6 7 8 9 10 | 10.0
Axes           | 1 2 3 4 5 6 7 8 9 10 | 10.0
Maces & Flails | 1 2 3 4 5 6 7 8 9 10 | 10.0
Polearms       | 1 2 3 4 5 6 7 8 9 10 | 10.0
Staves         | 1 2 3 4 5 6 7 8 9 10 | 10.0
Slings         | 1 2 3 4 5 6 7 8 9 10 | 10.0
Bows           | 1 2 3 4 5 6 7 8 9 10 | 10.0
Crossbows      | 1 2 3 4 5 6 7 8 9 10 | 10.0
Throwing       | 1 2 3 4 5 6 7 8 9 10 | 10.0
Armour         | 1 2 3 4 5 6 7 8 9 10 | 10.0
Shields        | 1 2 3 4 5 6 7 8 9 10 | 10.0
Unarmed Combat | 1 2 3 4 5 6 7 8 9 10 | 10.0
Evocations     | 1 2 3 4 5 6 7 8 9 10 | 10.0
Hexes          | 1 2 3 4 5 6 7 8 |  8.4
Necromancy     | 1 2 3 4 5 6 7 8 |  8.4
Transmutations | 1 2 3 4 5 6 7 8 |  8.4
Fire Magic     | 1 2 3 4 5 6 7 8 |  8.4
Ice Magic      | 1 2 3 4 5 6 7 8 |  8.4
Air Magic      | 1 2 3 4 5 6 7 8 |  8.4
Earth Magic    | 1 2 3 4 5 6 7 8 |  8.4
Poison Magic   | 1 2 3 4 5 6 7 8 |  8.4
Dodging        | 5 6 7 8 9 10 11 | 11.0
Stealth        | 5 6 7 8 9 10 | 10.9
Spellcasting   | 8 9 10 11 12 | 12.2

Action                   |  1- 3 |  4- 6 |  7- 9 | 10-12 | 13-15 || total
-------------------------+-------+-------+-------+-------+-------++-------
Melee: Dagger            |    10 |       |    35 |    72 |   924 ||  1041
       Short sword       |    29 |    37 |     5 |   150 |   234 ||   455
       Bite              |     3 |    14 |    34 |    91 |   121 ||   263
       Spear             |       |   170 |   305 |   753 |       ||  1228
       Punch             |       |     1 |     4 |     6 |       ||    11
       Hand axe          |       |       |       |       |    24 ||    24
 Cast: Magic Dart        |    50 |    49 |     8 |    75 |    61 ||   243
       Mephitic Cloud    |       |    17 |    33 |   126 |   132 ||   308
       Blink             |       |     3 |       |    14 |    27 ||    44
       Lee's Rapid Decon |       |       |       |     3 |    12 ||    15
       Airstrike         |       |       |       |     2 |    54 ||    56
       Fireball          |       |       |       |       |   100 ||   100
Evoke: Wand              |       |       |       |       |     2 ||     2
  Use: Scroll            |       |       |       |       |    16 ||    16
 Stab: Sleeping          |     8 |     9 |     4 |     6 |     6 ||    33
       Confused          |       |     5 |    20 |    83 |    90 ||   198
       Distracted        |       |       |       |       |     1 ||     1
Armor: Robe              |     4 |    12 |    20 |       |     3 ||    39
       Steam dragon scal |       |       |    25 |    12 |       ||    37
       Troll leather arm |       |       |       |   155 |   231 ||   386
Dodge: Dodged            |    23 |   104 |   140 |   341 |   472 ||  1080
Block: Buckler           |       |       |       |    52 |   199 ||   251

Table legend: (Time is in decaauts)
 A = Elapsed time spent in this place.
 B = Non-inter-level travel time spent in this place.
 C = Inter-level travel time spent in this place.
 D = Time resting spent in this place.
 E = Time spent auto-exploring this place.
 F = Levels seen in this place.
 G = Mean time per level.
                   A        B        C        D        E       F      G
               +--------+--------+--------+--------+--------+-----+--------+
         Total |  30680 |  29861 |    819 |   7266 |  12126 |  25 | 1227.2 |
       Dungeon |  17861 |  17343 |    518 |   3553 |   7925 |  14 | 1275.8 |
        Temple |     66 |     66 |      0 |      0 |     38 |   1 |   66.0 |
          Lair |   9184 |   8966 |    218 |   2876 |   3414 |   6 | 1530.7 |
         Swamp |    313 |    313 |      0 |    186 |     37 |   1 |  313.0 |
  Orcish Mines |   2919 |   2836 |     83 |    595 |    623 |   2 | 1459.5 |
       Volcano |    334 |    334 |      0 |     55 |     89 |   1 |  334.0 |
               +--------+--------+--------+--------+--------+-----+--------+

Top non-repeatable levels by time:
  Lair:6: 2109 daAuts
   Orc:2: 2104 daAuts
  Lair:5: 2047 daAuts
     D:2: 1869 daAuts
     D:3: 1639 daAuts
    D:13: 1617 daAuts
     D:8: 1587 daAuts
     D:6: 1582 daAuts
  Lair:3: 1568 daAuts
     D:4: 1469 daAuts
     D:1: 1439 daAuts
    D:12: 1389 daAuts
     D:5: 1358 daAuts
  Lair:4: 1254 daAuts
  Lair:2: 1230 daAuts
